Map: Ascension to Aiur LE

Players

RedRyder

  • Race: Terran Terran
  • League: Diamond
  • Spawn Location: 11:00

blackxored - Winner!

  • Race: Zerg Zerg
  • League: Diamond
  • Spawn Location: 5:00

VOD

Have the link to the VOD?

Description

Time

  • Played on: Dec. 2, 2017, 3:37 p.m.
  • Length: 5:11
Show
View Real Time Build Order
Export as new Build Order

RedRyder Terran 

Build Orders:  

Get SALT Encoding   

  12  0:01  SCV  
  14  0:19  Supply Depot  
  14  0:21  SCV  
  14  0:42  Barracks  
  14  0:50  Barracks  
  14  1:04  Barracks  
  14  1:08  SCV  
  15  1:29  Marine  
  15  1:30  Barracks  
  16  1:37  Marine  
  17  1:46  Supply Depot  
  17  1:47  Marine  
  17  1:51  Marine  
  19  1:55  Marine  
  20  2:04  Marine  
  21  2:08  Marine  
  21  2:13  Marine  
  23  2:17  Marine  
  23  2:22  Marine  
  24  2:26  Marine  
  26  2:30  Marine  
  26  2:34  Marine  
  28  2:40  Marine  
  28  2:44  Marine  
  28  2:55  Marine x2  
  28  2:58  Marine  
  29  3:02  Marine  
  28  3:12  Marine  
  28  3:16  Marine  
  30  3:20  Marine  
  30  3:30  Marine  
  30  3:33  Orbital Command, Marine  
  31  3:55  Supply Depot  
  31  3:57  Marine  
  31  4:11  Marine  
  31  4:12  Marine  
  31  4:13  SCV  
  31  4:14  Marine  
  31  4:16  Marine  
  31  4:25  Refinery, SCV  
  31  4:29  Marine x2  
  34  4:32  Marine  
  34  4:34  Marine  
  34  4:38  SCV  
  37  4:47  Marine x2  
  37  4:48  Supply Depot  
Show
View Real Time Build Order
Export as new Build Order

blackxored Zerg - Winner!

Build Orders: Hatch First 

Get SALT Encoding   

  12  0:01  Drone  
  13  0:12  Overlord  
  13  0:17  Drone  
  14  0:31  Drone x2  
  14  0:34  Drone  
  17  0:51  Hatchery  
  17  0:54  Drone  
  17  0:57  Drone  
  18  1:07  Extractor  
  17  1:12  Spawning Pool  
  16  1:54  Overlord  
  16  1:59  Zergling x4  
  18  2:01  Spine Crawler  
  18  2:02  Spine Crawler  
  18  2:03  Queen  
  18  2:05  Spine Crawler  
  17  2:16  Queen  
  20  2:22  Drone  
  20  2:26  Drone  
  20  2:29  Zergling x2  
  22  2:32  Zergling x2  
  23  2:38  Zergling x2  
  23  2:44  Zergling x2  
  25  2:51  Zergling x4  
  26  3:05  Zergling x6  
  27  3:14  Zergling x4  
  29  3:22  Zergling x4  
  29  3:32  Metabolic Boost  
  29  3:43  Zergling x4  
  31  3:50  Drone x2  
  31  3:53  Drone  
  34  4:01  Drone  
  34  4:02  Drone  
  36  4:16  Zergling x4  
  35  4:19  Overlord  
  35  4:27  Overlord  
  35  4:37  Zergling x8  
  39  4:47  Zergling x6  
  39  4:51  Zergling x2  
  43  4:58  Baneling Nest  
Tags
 
Add a new tag
Caveats
  • Supply blocks, unpowered buildings, or Contaminate may cause inaccurate times.
  • Supply counts are checked every 10 seconds.